 Dungeon Crawl Stone Soup version 0.20-a0-957-g47ad1fd (webtiles) character file.

4921 M4edhros the Severer (level 10, -1/80 HPs)
             Began as a Minotaur Berserker on Apr 5, 2017.
             Was an Elder of Trog.
             Slain by a neqoxec (7 damage)
             ... summoned by a kobold demonologist
             ... on level 11 of the Dungeon.
             The game lasted 00:10:44 (2559 turns).

M4edhros the Severer (Minotaur Berserker)           Turns: 2559, Time: 00:10:44

Health: -1/80      AC:  4    Str: 22    XL:     10   Next: 27%
Magic:  9/9        EV: 13    Int:  4    God:    Trog [****..]
Gold:   361        SH:  0    Dex: 13    Spells: 9/9 levels left

rFire    . . .     SeeInvis .   v - +2 battleaxe (curse)
rCold    . . .     Gourm    .   (shield currently unavailable)
rNeg     + . .     Faith    .   q - +2 leather armour {rN+}
rPois    .         Spirit   .   (helmet restricted)
rElec    .         Reflect  .   (no cloak)
rCorr    .         Harm     .   (no gloves)
MR       .....                  (no boots)
Stlth    ++........             (no amulet)
Regen    0.3/turn               e - ring of stealth
MPRegen  0.2/turn               (no ring)

@: exhausted, slowed, very slow
A: retaliatory headbutt, horns 2, deformed body
a: Berserk, Trog's Hand, Brothers in Arms, Burn Spellbooks, Renounce Religion


You were on level 11 of the Dungeon.
You worshipped Trog.
Trog was greatly pleased with you.
You were very hungry.

You visited 1 branch of the dungeon, and saw 11 of its levels.
You also visited: Sewer.

You collected 361 gold pieces.

Inventory:

Hand Weapons
 a - a +0 hand axe
 d - a +0 war axe of chopping
 m - a +0 blowgun
 v - a cursed +2 battleaxe (weapon)
Missiles
 n - 21 poisoned needles
Armour
 b - a +0 animal skin
 i - a +0 ring mail
 q - a +2 leather armour of positive energy (worn)
 y - a +1 robe of magic resistance
Jewellery
 e - a ring of stealth (left hand)
Wands
 z - a wand of acid (8/15)
 B - a wand of scattershot (4/9)
Scrolls
 h - 2 scrolls of amnesia
 k - 2 scrolls of magic mapping
 o - a scroll of blinking
 t - 2 scrolls of fear {unknown}
 A - a scroll of identify
Potions
 g - 3 potions of magic
 j - a potion of flight
 l - a potion of curing
 r - a potion of brilliance {unknown}
 s - 2 potions of might {unknown}
 w - a potion of heal wounds {unknown}
 C - a potion of agility {unknown}
Comestibles
 c - 5 bread rations
 f - 3 meat rations
 p - 6 royal jellies
 u - 2 chunks of flesh
 x - 16 fruits


   Skills:
 + Level 4.8 Fighting
 - Level 16.3 Axes
 + Level 4.0 Armour
 + Level 3.5 Dodging


You had 9 spell levels left.
You didn't know any spells.

Dungeon Overview and Level Annotations

Branches:
Dungeon (11/15)              Lair (0/6) D:10
 Temple: D:4-7          Orc: D:9-12

Altars:
Dithmenos
Gozag
Hepliaklqana
Ru
Sif Muna
Zin

Shops:
D:5 =:   D:9 [

Portals:
Ice
Cave: D:11


Innate Abilities, Weirdness & Mutations

You reflexively headbutt those who attack you in melee.
You have a pair of horns on your head.
Armour fits poorly on your strangely shaped body.


Message History

The neqoxec hits you but does no damage.
A kobold comes into view. It is wielding a dagger of venom.
Unknown command.
You barely miss the kobold demonologist.
The kobold shouts!
You hit the shadow imp. You hit the neqoxec. You closely miss the kobold.
The sixfirhy barely misses you. The sixfirhy closely misses you.
You furiously retaliate!
You headbutt the sixfirhy! The sixfirhy hits you. The sixfirhy shocks you!
* * * LOW HITPOINT WARNING * * *
The shadow imp hits you.
* * * LOW HITPOINT WARNING * * *
The kobold demonologist closely misses you.
You furiously retaliate!
You headbutt the kobold demonologist. The sixfirhy hits you.
* * * LOW HITPOINT WARNING * * *
The sixfirhy shocks you!
* * * LOW HITPOINT WARNING * * *
The neqoxec hits you!
You die...

. ..## .# .....##
#. ......# #.
.....# #.##...##
##.#.....#
#.###K3.5....####
#K...53@).∩.....#
#..##.K.........#
#.##..(.....#
#.###...<..##
.......(.(.##
##.###...<...#
##.....## ##...##
##.##


You could see a kobold demonologist, a sixfirhy, a neqoxec, a quasit, a shadow
imp and 2 kobolds.

Vanquished Creatures
  The ghost of valenzione the Carver, a novice MiFi of Makhleb (D:8)
  Pikel (D:8)
  Psyche (D:8)
  A centaur skeleton (D:9)
  Prince Ribbit (D:8)
  2 dream sheep (D:8)
  2 yaks (D:8)
  A black bear (D:6)
  2 slaves (D:8)
  A phantom (D:9)
  The ghost of M4edhros the Chopper, an amateur MiBe of Trog (D:6)
  3 ogres
  4 big kobolds
  2 bullfrogs (D:6)
  A scorpion (D:4)
  5 killer bees (D:9)
  3 wights (D:9)
  2 bullfrog zombies (D:6)
  2 crimson imps
  A centaur zombie (D:6)
  5 hounds
  A quasit (D:9)
  5 bullfrog skeletons
  2 orc priests
  An iguana (D:6)
  10 orc wizards
  5 worker ants
  2 human simulacra (D:9)
  A worker ant zombie (D:6)
  2 gnolls (D:8)
  5 adders
  3 river rats
  A shadow imp (D:8)
  12 white imps (D:11)
  An ooze (D:6)
  An adder skeleton (D:6)
  A dart slug (D:2)
  2 leopard geckos (D:6)
  14 orcs
  3 ball pythons (Sewer)
  5 giant cockroaches
  4 goblins
  5 hobgoblins
  3 jackals
  3 bats
  7 frilled lizards
  8 kobolds
  A quokka skeleton (D:6)
  7 rats
  A plant (D:8)
158 creatures vanquished.

Vanquished Creatures (others)
  A slave (D:8)
  2 killer bees (D:8)
  2 orcs (D:8)
5 creatures vanquished.

Grand Total: 163 creatures vanquished

Notes
Turn   | Place    | Note
-------+----------+-------------------------------------------
     0 | D:1      | M4edhros the Minotaur Berserker began the quest for the Orb.
     0 | D:1      | Reached XP level 1. HP: 19/19 MP: 0/0
    90 | D:2      | Found a glowing silver altar of Zin.
   281 | D:2      | Reached skill level 4 in Axes
   337 | D:2      | Reached XP level 2. HP: 25/26 MP: 1/1
   357 | D:3      | Reached skill level 5 in Axes
   357 | D:3      | Reached XP level 3. HP: 31/31 MP: 2/2
   485 | D:4      | Found a sacrificial altar of Ru.
   493 | D:4      | Reached XP level 4. HP: 38/39 MP: 3/3
   494 | D:4      | Reached skill level 6 in Axes
   536 | D:4      | Reached skill level 7 in Axes
   536 | D:4      | Reached XP level 5. HP: 23/45 MP: 4/4
   556 | D:4      | Reached ** piety under Trog
   636 | D:5      | Entered Level 5 of the Dungeon
   636 | D:5      | Found Muyshred's Jewellery Emporium.
   699 | D:5      | Found Ipoud's Book Shoppe.
   730 | D:4      | Reached skill level 8 in Axes
   731 | D:4      | Reached XP level 6. HP: 51/51 MP: 5/5
   817 | D:6      | Reached skill level 9 in Axes
   823 | D:6      | Reached XP level 7. HP: 42/57 MP: 6/6
   824 | D:6      | Noticed M4edhros's ghost (amateur MiBe)
   924 | D:6      | Found a deep blue altar of Sif Muna.
   924 | D:6      | Found an opulent altar of Gozag.
   944 | D:6      | Found a hazy altar of Hepliaklqana.
   957 | D:6      | Killed M4edhros's ghost
   957 | D:6      | Reached skill level 10 in Axes
  1045 | D:6      | Found a glowing drain.
  1048 | D:6      | Reached *** piety under Trog
  1053 | Sewer    | Entered a sewer
  1368 | D:6      | Reached skill level 11 in Axes
  1401 | D:6      | Reached XP level 8. HP: 28/64 MP: 7/7
  1591 | D:7      | Reached skill level 12 in Axes
  1623 | D:7      | Reached **** piety under Trog
  1685 | D:8      | Found a shadowy altar of Dithmenos.
  1744 | D:8      | Noticed a dream sheep
  1744 | D:8      | Noticed a dream sheep
  1749 | D:8      | Killed a dream sheep
  1753 | D:8      | Reached skill level 13 in Axes
  1757 | D:8      | Killed a dream sheep
  1757 | D:8      | Reached XP level 9. HP: 55/70 MP: 8/8
  1802 | D:8      | Noticed valenzione's ghost (novice MiFi)
  1803 | D:8      | Reached skill level 14 in Axes
  1828 | D:8      | Killed valenzione's ghost
  1844 | D:8      | Noticed Psyche
  1845 | D:8      | Noticed Prince Ribbit
  1922 | D:8      | Reached skill level 15 in Axes
  1924 | D:8      | HP: 5/105 [Prince Ribbit (14)]
  1927 | D:8      | Killed Prince Ribbit
  1932 | D:8      | HP: 4/105 [poisoned by a worker ant]
  1937 | D:8      | HP: 2/70 [poisoned by a worker ant]
  1978 | D:8      | Noticed Pikel
  1989 | D:8      | Killed Pikel
  2045 | D:8      | Killed Psyche
  2045 | D:8      | Reached skill level 16 in Axes
  2159 | D:9      | Reached XP level 10. HP: 76/77 MP: 9/9
  2322 | D:9      | Found Benokh's Armour Shop.
  2424 | D:10     | Entered Level 10 of the Dungeon
  2428 | D:10     | Found a staircase to the Lair.
  2535 | D:11     | Found a frozen archway.
  2557 | D:11     | Gained mutation: Armour fits poorly on your strangely shaped body. [a neqoxec]
  2558 | D:11     | Noticed a sixfirhy
  2559 | D:11     | Slain by a neqoxec

Vault maps used:
D:1:      arrival_zaba_pyramid
D:2:      old_standard_altar, uniq_crazy_yiuf_cottage, uniq_sigmund
D:3:      tso_altar
D:4:      nicolae_ru_great_annihilating_truth, makhleb_blood_cavern_becter,
          temple_pool_b, first_bread, serial_glass, glass_columns_a,
          glass_columns_c
D:5:      serial_shops, shop, shop
D:6:      old_standard_altar, gammafunk_temple_overflow_elements, serial_undead,
          serial_undead_e, serial_undead_f, serial_undead_f, serial_undead_f,
          gup_sewer_entry_bubbles
D:7:      ashenzari_conservatory_becter, uniq_menkaure
D:8:      kennysheep_little_box, hangedman_ranch,
          nicolae_dithmenos_shadow_blocks, uniq_pikel, uniq_prince_ribbit1,
          uniq_psyche
D:9:      serial_shops, nicolae_shop_waterfront, bh_circular_ruins
D:10:     lair_entry_dummy, dk_vineyard_3, kennysheep_minor_cross,
          minmay_misc_feat_x
D:11:     portal_ice_cave_entry_imps, kb_lookout_dungeons_type,
          hangedman_misty_isle, uniq_maurice, uniq_josephine
Sewer:    sewer_co_cracked_pipes

Skill      XL: |  1  2  3  4  5  6  7  8  9 10 |
---------------+-------------------------------+-----
Axes           | 4 5 7 8 9 11 13 16 | 16.3
Fighting       | 4 |  4.8
Armour         | 4 |  4.0
Dodging        | 3 |  3.5

Action                   |  1- 3 |  4- 6 |  7- 9 | 10-12 || total
-------------------------+-------+-------+-------+-------++-------
Melee: Hand axe          |    37 |    30 |       |       ||    67
       Headbutt          |     4 |     6 |    30 |     9 ||    49
       War axe           |       |    23 |   190 |     1 ||   214
       Battleaxe         |       |       |       |    45 ||    45
Invok: Berserk           |     1 |     3 |     8 |     2 ||    14
       Trog's Hand       |       |       |     2 |     1 ||     3
       Brothers in Arms  |       |       |     1 |       ||     1
  Use: Scroll            |       |     5 |     4 |       ||     9
       Potion            |       |       |     1 |       ||     1
 Stab: Sleeping          |     2 |     1 |     7 |       ||    10
       Invisible         |     2 |       |       |       ||     2
       Paralysed         |       |     1 |       |       ||     1
  Eat: Chunk             |       |     3 |    14 |     3 ||    20
Armor: Ring mail         |    14 |    14 |       |       ||    28
       Animal skin       |     1 |       |       |       ||     1
       Leather armour    |       |     3 |    59 |    13 ||    75
Dodge: Dodged            |    27 |    25 |   112 |    33 ||   197
